 Dungeon Crawl Stone Soup version 0.31-a0-188-g5e087ee2ca (webtiles) character file.

Game seed: 10583962406040362393

146 qw the Skirmisher (level 5, -9/29 HPs)
             Began as a Deep Elf Hunter on June 23, 2023.
             Mangled by an ogre
             ... wielding a +0 giant spiked club
              (38 damage)
             ... on level 4 of the Dungeon.
             The game lasted 00:00:50 (2159 turns).

qw the Skirmisher (Deep Elf Hunter)                 Turns: 2159, Time: 00:00:50

Health: -9/29      AC:  6    Str: 10    XL:     5   Next: 7%
Magic:  7/7        EV: 13    Int: 14    God:
Gold:   63         SH:  0    Dex: 24    Spells: 4/4 levels left

rFire   + . .        Y - +1 shortbow
rCold   . . .        (shield currently unavailable)
rNeg    . . .        b - +1 leather armour {rF+}
rPois   .            (no helmet)
rElec   .            i - +0 cloak
rCorr   .            (no gloves)
SInv    .            j - +0 pair of boots
Will    .....        (no amulet)
Stlth   ++           h - +6 ring of dexterity
HPRegen 0.24/turn    (no ring)
MPRegen 0.10/turn

%: no passive effects
@: no status effects
A: no striking features
a: no special abilities


You were on level 4 of the Dungeon.
You visited 1 branch of the dungeon, and saw 4 of its levels.

You collected 147 gold pieces.
You spent 84 gold pieces at shops.


   Skills:
 - Level 1.5 Fighting
 + Level 8.0 Ranged Weapons
 - Level 3.3 Dodging
 - Level 1.2 Stealth


You had 4 spell levels left.
You didn't know any spells.
Your spell library was empty.

Inventory:

Hand Weapons
 Y - a +1 shortbow (weapon)
Armour
 b - a +1 leather armour of fire resistance (worn)
 e - a +0 ring mail
 i - a +0 cloak (worn)
 j - a +0 pair of boots (worn)
Jewellery
 h - a +6 ring of dexterity (left hand)
Scrolls
 a - 2 scrolls of identify
 d - 3 scrolls of teleportation
Potions
 c - a potion of haste {unknown}
 f - a potion of curing
 g - 2 potions of enlightenment

Dungeon Overview and Level Annotations

Branches:
Dungeon (4/15)
 Temple: D:4-7

Altars:

Shops:
D:2 *   D:3 *

Annotations:
D:4 3 runed translucent doors, qw's ghost, amateur DEHu


Message History

Enter note:
Enter note: A goblin comes into view. It is wielding a +0 dagger.
Enter note:
Enter note: You shoot an arrow.
The arrow hits the goblin!
You kill the goblin!
The orc shouts!
Found an escape hatch in the floor.
Enter note:
Enter note: The two-headed ogre shouts in stereo!
There is an escape hatch in the floor here.
c - a grey potion
Enter note:
Enter note: You now have 63 gold pieces (gained 14).
You open the door.
There is an open door here.
An ogre comes into view. It is wielding a +0 giant spiked club.
Enter note:
Enter note: You shoot an arrow.
The arrow hits the ogre but does no damage.
The ogre shouts!
You shoot an arrow. The arrow hits the ogre!
The ogre is moderately wounded.
You shoot an arrow. The arrow hits the ogre.
The ogre is moderately wounded.
You shoot an arrow.
The arrow hits the ogre but does no damage.
The ogre is moderately wounded.
You shoot an arrow. The arrow completely misses the ogre.
You shoot an arrow. The arrow hits the ogre.
The ogre is heavily wounded.
You shoot an arrow. The arrow hits the ogre!
The ogre is severely wounded.
The ogre hits you with a +0 giant spiked club!!!
Ouch! That really hurt!
You die...

..##.###### #..
).......... #.#
#.###...### #.#
###.### #.# #....
#.# #####. #.#
#..... #O# #.....
#########@######.
#.....
#................
#.....
#.#######.#######
####### #.....#
#... .......
#####.# #####
#####.. #.# ##.
#.# #. #.# ######
#. #.# #....# #.


You could see an ogre.

Vanquished Creatures
  A hound (D:3)
  3 gnolls (D:3)
  An adder (D:3)
  A worm (D:2)
  A dart slug (D:1)
  6 endoplasms
  2 giant cockroaches (D:1)
  10 goblins
  7 hobgoblins
  4 jackals (D:2)
  2 kobolds
  2 quokkas
  10 ball pythons
  7 bats
  2 frilled lizards
  5 rats
64 creatures vanquished.

Notes
Turn   | Place    | Note
-------+----------+-------------------------------------------
     0 | D:1      | qw the Deep Elf Hunter began the quest for the Orb.
     0 | D:1      | Reached XP level 1. HP: 12/12 MP: 3/3
     0 | D:1      | 0 ||| qw: Version: 0.3-a-9-g12657ce
     0 | D:1      | 0 ||| qw: Game counter: 4063
     0 | D:1      | 0 ||| qw: Always use a shield: true
     0 | D:1      | 0 ||| qw: God list: Okawaru
     0 | D:1      | 0 ||| qw: Allow faded altars: false
     0 | D:1      | 0 ||| qw: Do Orc after D:15 true
     0 | D:1      | 0 ||| qw: Do second Lair branch before Depths: true
     0 | D:1      | 0 ||| qw: Lair rune preference: random
     0 | D:1      | 0 ||| qw: Plans: Normal
     0 | D:1      | 0 ||| PLANNING D:1-11
   104 | D:1      | Reached XP level 2. HP: 16/16 MP: 4/4
   107 | D:1      | Reached skill level 6 in Ranged Weapons
   228 | D:1      | 228 ||| FLEEEEING.
   411 | D:1      | Reached XP level 3. HP: 20/20 MP: 5/5
   590 | D:1      | 590 ||| UPGRADING to +0 ring mail.
   600 | D:1      | 600 ||| DROPPING +0 leather armour.
   601 | D:1      | 601 ||| UPGRADING to +0 cloak.
   606 | D:1      | 606 ||| READING 2 scrolls labelled QUNAOT ESEFUMA.
   607 | D:1      | 607 ||| READING scroll labelled PAPUKUTITO.
   608 | D:1      | 608 ||| DROPPING scroll of butterflies.
   705 | D:2      | Reached skill level 7 in Ranged Weapons
  1063 | D:2      | Found Ymusec's Assorted Antiques.
  1072 | D:2      | 1072 ||| SHOPLISTING dented silver amulet (110 gold, have
                  | 64).
  1072 | D:2      | 1072 ||| BUYING metallic green potion (19 gold).
  1072 | D:2      | Bought a metallic green potion for 19 gold pieces
  1072 | D:2      | 1072 ||| BUYING purple potion (19 gold).
  1072 | D:2      | Bought a purple potion for 19 gold pieces
  1072 | D:2      | 1072 ||| BUYING scroll labelled MAEPHU KIZUI (22 gold).
  1072 | D:2      | Bought a scroll labelled MAEPHU KIZUI for 22 gold pieces
  1072 | D:2      | 1072 ||| SHOPLISTING scroll labelled VOISCH AVITTE (22
                  | gold, have 4).
  1208 | D:2      | 1208 ||| UPGRADING to +6 ring of dexterity.
  1209 | D:2      | 1209 ||| READING scroll labelled VOISCH AVITTE.
  1210 | D:2      | 1210 ||| READING scroll labelled HEGU YNEYFAIRGH.
  1213 | D:2      | 1213 ||| READING scroll labelled MAEPHU KIZUI.
  1214 | D:2      | 1214 ||| DRINKING 2 white potions.
  1215 | D:2      | 1215 ||| DRINKING 2 metallic green potions.
  1216 | D:2      | 1216 ||| DRINKING 2 purple potions.
  1240 | D:2      | 1240 ||| READING 2 scrolls of identify.
  1240 | D:2      | 1240 ||| IDENTIFYING orange potion
  1241 | D:2      | 1241 ||| DROPPING potion of brilliance.
  1242 | D:2      | 1242 ||| DROPPING potion of lignification.
  1368 | D:3      | Reached XP level 4. HP: 25/25 MP: 6/6
  1434 | D:3      | Reached skill level 8 in Ranged Weapons
  1472 | D:3      | Found Iremecin's General Store.
  1482 | D:3      | 1482 ||| SHOPLISTING potion of mutation (96 gold, have 43).
  1482 | D:3      | 1482 ||| SHOPLISTING scarf of repulsion (144 gold, have
                  | 43).
  1482 | D:3      | 1482 ||| BUYING scroll of identify (24 gold).
  1482 | D:3      | Bought a scroll of identify for 24 gold pieces
  1482 | D:3      | 1482 ||| SHOPLISTING scroll of teleportation (36 gold, have
                  | 19).
  1742 | D:3      | Reached skill level 3 in Dodging
  1742 | D:3      | Reached XP level 5. HP: 19/29 MP: 7/7
  1917 | D:3      | 1917 ||| UPGRADING to +1 leather armour of fire resistance.
  1927 | D:3      | 1927 ||| UPGRADING to +0 pair of boots.
  1932 | D:3      | 1932 ||| DROPPING ring of magical power.
  1933 | D:3      | 1933 ||| READING scroll labelled FUTECA YSIBIO.
  1999 | D:4      | Found a runed translucent gate.
  1999 | D:4      | Found a runed translucent gate.
  2004 | D:4      | Noticed qw's ghost (amateur DEHu)
  2094 | D:4      | Noticed a two-headed ogre
  2095 | D:4      | Found a runed translucent gate.
  2152 | D:4      | Noticed an ogre
  2159 | D:4      | Mangled by an ogre

Levels and vault maps discovered:
D:1:      amcnicky_arrival_wind_blow, layout_basic
D:2:      minmay_evil_eye, layout_rooms, serial_shops, shop
D:3:      layout_rooms, serial_shops, shop, kennysheep_big_empty_room,
          minmay_quantized
D:4:      layout_basic, mainiacjoe_overflow_catwalk, gammafunk_ghost_split

Skill      XL: |  1  2  3  4 |
---------------+-------------+-----
Ranged Weapons | 6 7 8 |  8.0
Dodging        | 3 |  3.3
Fighting       | |  1.5
Stealth        | |  1.2

Action                     |  1- 3 |  4- 6 || total
---------------------------+-------+-------++-------
   Fire: Shortbow          |   110 |    49 ||   159
    Use: Scroll            |     6 |     1 ||     7
         Potion            |     3 |       ||     3
 Armour: Leather armour    |     6 |       ||     6
         Ring mail         |     8 |     7 ||    15
  Dodge: Dodged            |    27 |    17 ||    44

Table legend:
 A = Non-vault XP
 B = Vault XP
 C = Vault XP percentage of total XP
 D = Non-vault monster count
 E = Vault monster count
 F = Vault count percentage of total count
                 A         B        C        D         E       F
            +---------+---------+-------+---------+---------+-------
      Total |     151 |      58 |  27.8 |      56 |       8 |  12.5
            +---------+---------+-------+---------+---------+-------
        D:1 |      50 |       0 |   0.0 |      27 |       0 |   0.0
        D:2 |      24 |       9 |  27.3 |      14 |       3 |  17.6
        D:3 |      73 |      49 |  40.2 |      13 |       5 |  27.8
        D:4 |       4 |       0 |   0.0 |       2 |       0 |   0.0
            +---------+---------+-------+---------+---------+-------
